 Dungeon Crawl Stone Soup version 0.21.1-1-g345015fe64 (webtiles) character file.

693 Nattfarinn the Magician (level 7, -2/53 HPs)
             Began as a Gnoll Wanderer on May 6, 2018.
             Was an Initiate of Cheibriados.
             Slain by a hippogriff (4 damage)
             ... on level 4 of the Dungeon.
             The game lasted 00:08:35 (3690 turns).

Nattfarinn the Magician (Gnoll Wanderer)            Turns: 3690, Time: 00:08:36

Health: -2/53      AC:  8    Str: 19    XL:     7   Next: 64%
Magic:  15/15      EV: 12    Int: 16    God:    Cheibriados [......]
Gold:   93         SH:  0    Dex: 13    Spells: 16/17 levels left

rFire    . . .     SeeInvis .   h - +0 dagger (venom)
rCold    + . .     Gourm    .   (no shield)
rNeg     . . .     Faith    .   E - +1 ring mail of Hysteria {+Blink rC+} (curse)
rPois    .         Spirit   .   p - +0 helmet
rElec    .         Reflect  .   y - +0 cloak
rCorr    .         Harm     .   (no gloves)
MR       .....                  (no boots)
Stlth    ++........             (no amulet)
HPRegen  0.17/turn              (no ring)
MPRegen  0.14/turn              (no ring)

@: very slow
A: distributed training, fangs 1, strong nose
a: Bend Time, Renounce Religion, Evoke Blink


You were on level 4 of the Dungeon.
You worshipped Cheibriados.
Cheibriados was noncommittal.
You were very hungry.

You visited 2 branches of the dungeon, and saw 6 of its levels.

You collected 93 gold pieces.

Inventory:

Hand Weapons
 e - a +0 club
 f - a +0 dagger
 h - a +0 dagger of venom (weapon)
 i - a +0 mace
 x - a +4 quarterstaff of chaos
Missiles
 b - 2 throwing nets (quivered)
 r - 30 poisoned needles
 z - 6 needles of sleeping
Armour
 a - a +0 leather armour
 j - a +0 chain mail
 p - a +0 helmet (worn)
 t - a +0 plate armour
 y - a +0 cloak (worn)
 E - the cursed +1 ring mail of Hysteria (worn) {+Blink rC+}
   (You found it on level 4 of the Dungeon)

   It protects you from cold.
   It lets you blink.
   It has a curse placed upon it.
Jewellery
 s - an uncursed ring of protection from magic {unknown}
 v - a cursed amulet of inaccuracy {unknown}
 A - a +3 ring of strength {unknown}
Wands
 C - a wand of random effects (27)
Scrolls
 l - 3 scrolls of enchant armour {unknown}
 m - 3 scrolls of immolation {unknown}
 n - a scroll of blinking {unknown}
 o - a scroll of noise {unknown}
 q - 3 scrolls of teleportation {unknown}
 u - 4 scrolls of identify {unknown}
 w - a scroll of fear {unknown}
Potions
 k - 2 potions of agility {unknown}
 B - a potion of magic {unknown}
Books
 c - Sif Muna's Papyrus of Battle Magic

   Spells                             Type                      Level
   a - Magic Dart                     Conjuration                  1
   b - Stone Arrow                    Conjuration/Earth            3
Comestibles
 g - 7 rations


   Skills:
 + Level 3.7 Fighting
 + Level 5.3 Short Blades
 + Level 2.5 Long Blades
 + Level 2.5 Axes
 + Level 2.5 Maces & Flails
 + Level 2.5 Polearms
 + Level 2.5 Staves
 + Level 2.5 Slings
 + Level 2.5 Bows
 + Level 2.5 Crossbows
 + Level 3.7 Throwing
 + Level 2.5 Armour
 + Level 3.7 Dodging
 + Level 4.9 Stealth
 + Level 2.5 Shields
 + Level 2.5 Unarmed Combat
 + Level 5.6 Spellcasting
 + Level 3.0 Conjurations
 + Level 2.1 Hexes
 + Level 2.1 Charms
 + Level 2.1 Summonings
 + Level 2.1 Necromancy
 + Level 2.1 Translocations
 + Level 2.1 Transmutations
 + Level 2.1 Fire Magic
 + Level 2.1 Ice Magic
 + Level 2.1 Air Magic
 + Level 2.1 Earth Magic
 + Level 2.1 Poison Magic
 + Level 2.8 Invocations
 + Level 2.5 Evocations


You had 16 spell levels left.
You knew the following spells:

 Your Spells              Type           Power        Failure   Level  Hunger
a - Magic Dart            Conj           ##..         7%          1    None


Dungeon Overview and Level Annotations

Branches:
Dungeon (5/15)             Temple (1/1) D:4

Altars:
Cheibriados
Dithmenos
Fedhas
Gozag
Hepliaklqana
Nemelex Xobeh
Ru
Trog
Uskayaw
Vehumet
Xom
Yredelemnul
Zin
The Shining One


Innate Abilities, Weirdness & Mutations

Your experience applies equally to all skills.
You have very sharp teeth.
Your uncanny sense of smell can sniff out nearby items.


Message History

The hippogriff claws you.
* * * LOW HITPOINT WARNING * * *
The hippogriff looks more healthy.
There is a stone staircase leading up here.
The orc barely misses you. The hippogriff barely misses you.
The hippogriff pecks you but does no damage.
The hippogriff closely misses you.
You climb upwards.
There is a stone staircase leading down here.
You feel better. The orc hits you but does no damage. The hippogriff bites you.
* * * LOW HITPOINT WARNING * * *
The hippogriff pecks you but does no damage.
The hippogriff claws you.
* * * LOW HITPOINT WARNING * * *
You feel better. The orc misses you. The hippogriff bites you!
* * * LOW HITPOINT WARNING * * *
The hippogriff barely misses you. The hippogriff closely misses you.
You fail to use your ability.
The orc hits you but does no damage. The hippogriff bites you.
You die...

####### ########
##.....# #...o@.#
.#.....# #...H..#
<#.....# #%.....#
.#.....# #......#
.#.....# #......#
.#.....# #......#
##.....#####......#
...............####
...............#


You could see a hippogriff and an orc.

Vanquished Creatures
  The ghost of Mrkan the Skirmisher, an amateur DsMo of Yredelemnul (D:4)
  A porcupine (D:4)
  An ogre (D:4)
  Crazy Yiuf (D:2)
  4 worker ants (D:4)
  4 gnolls (D:2)
  3 adders
  2 oozes
  3 worms (D:2)
  2 dart slugs (D:1)
  2 leopard geckos
  4 orcs (D:3)
  3 ball pythons
  6 giant cockroaches
  6 goblins
  9 hobgoblins
  8 jackals
  3 quokkas (D:3)
  5 bats
  3 frilled lizards
  7 kobolds
  A leopard gecko skeleton (D:4)
  7 rats
86 creatures vanquished.

Vanquished Creatures (collateral kills)
  A worker ant (D:4)
1 creature vanquished.

Grand Total: 87 creatures vanquished

Notes
Turn   | Place    | Note
-------+----------+-------------------------------------------
     0 | D:1      | Nattfarinn the Gnoll Wanderer began the quest for the Orb.
     0 | D:1      | Nattfarinn set off with: a +0 leather armour, 2 throwing nets, Sif Muna's Papyrus of Battle Magic, a potion of curing, a +0 club, a +0 dagger, a ration
     0 | D:1      | Reached XP level 1. HP: 17/17 MP: 6/6
     0 | D:1      | Identified Sif Muna's Papyrus of Battle Magic
    29 | D:1      | Learned a level 1 spell: Magic Dart
    89 | D:1      | Reached XP level 2. HP: 10/23 MP: 7/7
   568 | D:1      | Reached XP level 3. HP: 22/28 MP: 9/9
   593 | D:1      | Reached skill level 5 in Spellcasting
   832 | D:2      | Reached skill level 1 in Invocations
   841 | D:2      | Reached skill level 1 in Long Blades
   841 | D:2      | Reached skill level 1 in Axes
   841 | D:2      | Reached skill level 1 in Maces & Flails
   841 | D:2      | Reached skill level 1 in Polearms
   841 | D:2      | Reached skill level 1 in Staves
   841 | D:2      | Reached skill level 1 in Slings
   841 | D:2      | Reached skill level 1 in Bows
   841 | D:2      | Reached skill level 1 in Crossbows
   841 | D:2      | Reached skill level 1 in Armour
   841 | D:2      | Reached skill level 1 in Shields
   841 | D:2      | Reached skill level 1 in Unarmed Combat
   841 | D:2      | Reached skill level 1 in Evocations
  1136 | D:2      | Reached XP level 4. HP: 34/34 MP: 11/11
  1313 | D:2      | Reached skill level 1 in Hexes
  1313 | D:2      | Reached skill level 1 in Charms
  1313 | D:2      | Reached skill level 1 in Summonings
  1313 | D:2      | Reached skill level 1 in Necromancy
  1313 | D:2      | Reached skill level 1 in Translocations
  1313 | D:2      | Reached skill level 1 in Transmutations
  1313 | D:2      | Reached skill level 1 in Fire Magic
  1313 | D:2      | Reached skill level 1 in Ice Magic
  1313 | D:2      | Reached skill level 1 in Air Magic
  1313 | D:2      | Reached skill level 1 in Earth Magic
  1313 | D:2      | Reached skill level 1 in Poison Magic
  1713 | D:2      | Found a runed door.
  1756 | D:2      | Found a shimmering altar of Xom.
  1758 | D:2      | Found a glowing golden altar of the Shining One.
  1758 | D:2      | Found a deep blue altar of Sif Muna.
  1774 | D:2      | Found a shattered altar of Ashenzari.
  1774 | D:2      | Found a glowing silver altar of Zin.
  1774 | D:2      | Found a radiant altar of Vehumet.
  1846 | D:2      | Noticed Crazy Yiuf
  1864 | D:2      | Killed Crazy Yiuf
  1864 | D:2      | Reached XP level 5. HP: 19/40 MP: 12/12
  2330 | D:3      | Found a hide-covered altar of Uskayaw.
  2755 | D:4      | Noticed an ogre
  2761 | D:4      | Killed an ogre
  2761 | D:4      | Reached XP level 6. HP: 25/47 MP: 13/13
  2911 | D:4      | Found a shadowy altar of Dithmenos.
  3023 | D:4      | Reached skill level 5 in Short Blades
  3061 | D:4      | Noticed Mrkan's ghost (amateur DsMo)
  3119 | D:4      | Killed Mrkan's ghost
  3119 | D:4      | Reached XP level 7. HP: 36/52 MP: 15/15
  3216 | D:4      | Found a sparkling altar of Nemelex Xobeh.
  3228 | D:4      | Got a faintly glowing ring mail
  3246 | D:4      | Identified the cursed +1 ring mail of Hysteria {+Blink rC+} (You found it on level 4 of the Dungeon)
  3294 | D:4      | Found a staircase to the Ecumenical Temple.
  3338 | Temple   | Entered the Ecumenical Temple
  3367 | Temple   | Became a worshipper of Cheibriados the Contemplative
  3665 | D:5      | Entered Level 5 of the Dungeon
  3665 | D:5      | Noticed a hippogriff
  3689 | D:4      | HP: 2/53 [hippogriff (10)]
  3690 | D:4      | Slain by a hippogriff

Skill      XL: |  1  2  3  4  5  6  7 |
---------------+----------------------+-----
Conjurations   | 2 3 |  3.0
Spellcasting   | 5 |  5.6
Invocations    | 1 2 |  2.8
Long Blades    | 1 2 |  2.5
Axes           | 1 2 |  2.5
Maces & Flails | 1 2 |  2.5
Polearms       | 1 2 |  2.5
Staves         | 1 2 |  2.5
Slings         | 1 2 |  2.5
Bows           | 1 2 |  2.5
Crossbows      | 1 2 |  2.5
Armour         | 1 2 |  2.5
Shields        | 1 2 |  2.5
Unarmed Combat | 1 2 |  2.5
Evocations     | 1 2 |  2.5
Hexes          | 1 2 |  2.1
Charms         | 1 2 |  2.1
Summonings     | 1 2 |  2.1
Necromancy     | 1 2 |  2.1
Translocations | 1 2 |  2.1
Transmutations | 1 2 |  2.1
Fire Magic     | 1 2 |  2.1
Ice Magic      | 1 2 |  2.1
Air Magic      | 1 2 |  2.1
Earth Magic    | 1 2 |  2.1
Poison Magic   | 1 2 |  2.1
Fighting       | 3 |  3.7
Throwing       | 3 |  3.7
Dodging        | 3 |  3.7
Short Blades   | 5 |  5.3
Stealth        | |  4.9

Action                   |  1- 3 |  4- 6 |  7- 9 || total
-------------------------+-------+-------+-------++-------
Melee: Club              |    21 |       |       ||    21
       Mace              |    51 |       |       ||    51
       Dagger            |    48 |    91 |    21 ||   160
       Bite              |     7 |    18 |     3 ||    28
       Quarterstaff      |       |    84 |    14 ||    98
 Cast: Magic Dart        |     1 |       |       ||     1
  Use: Potion            |       |       |     2 ||     2
 Stab: Distracted        |     1 |       |       ||     1
       Sleeping          |       |       |     2 ||     2
  Eat: Chunk             |       |     7 |     1 ||     8
Armor: Leather armour    |    18 |       |       ||    18
       Chain mail        |    86 |    17 |       ||   103
       Plate armour      |       |    87 |     2 ||    89
       Ring mail         |       |       |    18 ||    18
Dodge: Dodged            |    76 |    35 |    27 ||   138
